AoeStats
← MAD

Arena

509971625Analyzed
4v4 RM · 3d ago on Sep 28, 2026· 54m 9s· 8 players
Game mode
Random Map
Map size
Large (8 player)
Population
200
Speed
Normal
Resources
Standard
Victory
Conquest
Starting age
Dark Age
Ending age
Imperial Age
RankedLock teamsTeams togetherTeam positionsShared explorationLock speedFull tech treeHidden civsTurbo modeCheats
Victory
Defeat
🇹🇷 Burgundians · Türkiye
1025
+14
🇹🇷 Malay · Türkiye
938
+17
🇸🇬 Celts · Singapore
937
+17
🇹🇷 Spanish · Türkiye
920
+19
🇨🇳 Khmer · China
990
-17
🇹🇷 Persians · Türkiye
973
-17
🇹🇷 Poles · Türkiye
973
-17
🇹🇼 Magyars · Taiwan
949
-16
jason916802
12:08 Feudal Age
18:06 Castle Age
16:06 Horse Collar
16:41 Double-Bit Axe
17:30 Stone Mining
17:53 Gold Mining
19:06 Bow Saw
19:07 Heavy Plow
27:08 Wheelbarrow
28:45 Gold Shaft Mining
28:17 Fletching
28:28 Padded Archer Armor
32:48 Imperial Age
30:51 Ballistics
30:28 Bodkin Arrow
31:19 Hand Cart
31:35 Leather Archer Armor
33:03 Thumb Ring
35:06 Bracer
35:39 Ring Archer Armor
35:50 Conscription
35:32 Recurve Bow
37:01 Parthian Tactics
35:57 Heavy Cavalry Archer
karaokur
0:30 Loom
13:17 Feudal Age
14:11 Double-Bit Axe
15:04 Wheelbarrow
14:13 Horse Collar
19:30 Castle Age
17:41 Stone Mining
18:17 Gold Mining
20:40 Heavy Plow
22:15 Bow Saw
23:20 Hand Cart
24:22 Stone Shaft Mining
23:54 Town Watch
29:45 Imperial Age
28:49 Fletching
28:59 Padded Archer Armor
29:10 Forging
29:01 Scale Mail Armor
29:07 Scale Barding Armor
30:14 Bodkin Arrow
30:35 Leather Archer Armor
30:26 Town Patrol
31:00 Crop Rotation
31:22 Lechitic Legacy
31:23 Conscription
31:50 Iron Casting
31:30 Light Cavalry
32:21 Bloodlines
32:12 Husbandry
33:03 Chain Barding Armor
32:19 Winged Hussar
36:36 Blast Furnace
35:36 Bracer
35:52 Chain Mail Armor
36:12 Szlachta Privileges
37:13 Squires
36:59 Arson
40:39 Elite Obuch
44:27 Plate Mail Armor
猪头
11:00 Feudal Age
11:36 Loom
14:44 Castle Age
14:04 Double-Bit Axe
14:45 Horse Collar
16:55 Heavy Plow
19:56 Bow Saw
24:42 Wheelbarrow
23:54 Town Watch
29:05 Imperial Age
27:46 Tusk Swords
28:11 Gold Mining
28:54 Scale Barding Armor
29:22 Bloodlines
29:24 Husbandry
30:23 Chain Barding Armor
30:14 Forging
29:29 Elite Battle Elephant
30:36 Conscription
32:16 Plate Barding Armor
33:35 Crop Rotation
35:55 Iron Casting
34:52 Heavy Scorpion
36:43 Gold Shaft Mining
37:34 Double Crossbow
38:07 Ballistics
41:23 Chemistry
42:20 Siege Engineers
43:13 Light Cavalry
47:54 Blast Furnace
47:10 Fortified Wall
46:57 Murder Holes
47:13 Masonry
46:54 Elite Ballista Elephant
48:26 Fletching
49:10 Bodkin Arrow
50:23 Architecture
51:08 Bracer
51:39 Hussar
MAD
0:34 Loom
16:45 Feudal Age
18:10 Wheelbarrow
17:18 Horse Collar
17:30 Double-Bit Axe
20:19 Gold Mining
21:43 Stone Mining
25:10 Castle Age
26:53 Hand Cart
30:48 Stone Shaft Mining
34:37 Imperial Age
32:12 Heavy Plow
36:59 Gold Shaft Mining
37:38 Crop Rotation
37:31 Bow Saw
38:25 Fletching
38:35 Padded Archer Armor
39:10 Squires
38:59 Arson
38:36 Pikeman
39:56 Kamandaran
41:56 Bodkin Arrow
42:17 Leather Archer Armor
44:28 Thumb Ring
43:45 Crossbowman
45:00 Ballistics
45:41 Chemistry
48:03 Kamandaran
⚔vAgAbond🔫
2:31 Loom
12:41 Feudal Age
17:34 Castle Age
16:11 Double-Bit Axe
16:21 Stone Mining
18:58 Bow Saw
19:56 Horse Collar
23:45 Wheelbarrow
26:29 Heavy Plow
26:47 Hand Cart
26:44 Gold Mining
29:31 Gold Shaft Mining
33:50 Imperial Age
32:07 Pikeman
33:31 Fortified Wall
34:03 Stone Shaft Mining
33:55 Forging
33:46 Scale Mail Armor
35:49 Chemistry
34:55 Siege Engineers
35:13 Ballistics
34:32 Halberdier
35:36 Chain Mail Armor
35:56 Iron Casting
36:18 Conscription
35:49 Heavy Scorpion
38:27 Plate Mail Armor
winter is coming
6:36 Double-Bit Axe
8:05 Horse Collar
10:57 Feudal Age
12:08 Loom
15:39 Castle Age
14:08 Heavy Plow
15:19 Bow Saw
17:23 Wheelbarrow
21:46 Gold Mining
21:46 Stone Mining
23:17 Herbal Medicine
29:25 Imperial Age
27:12 Hand Cart
29:17 Scale Barding Armor
29:24 Forging
29:08 Treadmill Crane
29:08 Cavalier
29:48 Husbandry
31:14 Chemistry
30:33 Paladin
31:57 Gold Shaft Mining
31:58 Chain Barding Armor
32:14 Iron Casting
34:21 Two-Man Saw
34:07 Plate Barding Armor
35:28 Blast Furnace
33:53 Light Cavalry
35:00 Stone Mining
36:52 Fletching
37:03 Padded Archer Armor
37:24 Ballistics
37:25 Bombard Tower
37:02 Elite Skirmisher
39:08 Bodkin Arrow
39:29 Leather Archer Armor
41:26 Hussar
42:09 Bracer
52:05 Onager
King of Negev
6:53 Loom
9:57 Feudal Age
9:34 Horse Collar
18:43 Castle Age
17:33 Double-Bit Axe
19:24 Heavy Plow
19:38 Bow Saw
22:42 Town Watch
28:49 Wheelbarrow
28:32 Gold Mining
28:33 Stone Mining
31:37 Imperial Age
29:56 Hand Cart
29:59 Forging
31:23 Iron Casting
32:08 Crop Rotation
32:15 Forced Levy
33:49 Blast Furnace
32:55 Scale Barding Armor
33:42 Gold Shaft Mining
33:33 Conscription
33:01 Arson
33:16 Squires
32:39 Man-at-Arms
33:48 Long Swordsman
35:05 Siege Engineers
35:22 Ballistics
35:10 Husbandry
35:18 Elite Battle Elephant
35:22 Two-Handed Swordsman
37:38 Stone Shaft Mining
40:13 Masonry
41:04 Chemistry
[JRA] MELITIAN
6:23 Loom
10:58 Feudal Age
12:30 Double-Bit Axe
19:35 Castle Age
17:57 Scale Barding Armor
18:06 Horse Collar
22:26 Bow Saw
25:00 Wheelbarrow
31:06 Gold Mining
31:09 Stone Mining
31:26 Heavy Plow
31:32 Husbandry
31:44 Bloodlines
33:38 Caravan
37:08 Imperial Age
35:06 Hand Cart
35:38 Padded Archer Armor
35:28 Fletching
35:59 Chain Barding Armor
35:50 Forging
35:41 Scale Mail Armor
38:12 Town Watch
37:56 Elite Conquistador
39:01 Supremacy
38:45 Cavalier
40:51 Plate Barding Armor
40:51 Iron Casting
40:32 Chain Mail Armor
40:10 Paladin
44:41 Blast Furnace
44:13 Plate Mail Armor
45:17 Light Cavalry
49:17 Hussar
49:57 Bodkin Arrow
Connection lost

Rejoining the realm…

Still unreachable

The connection could not be restored.

Session expired

The server has moved on; the page needs a fresh start.